 Dungeon Crawl Stone Soup version 0.18.1-50-g88ac8fd (webtiles) character file.

2307 aeluma the Thaumaturge (level 9, -3/45 HPs)
             Began as a Deep Elf Conjurer on Sept 27, 2016.
             Was a Priest of Sif Muna.
             Slain by feelmyfire's ghost (4 damage)
             ... on level 6 of the Dungeon on Oct 6, 2016.
             The game lasted 00:25:22 (8534 turns).

aeluma the Thaumaturge (Deep Elf Conjurer)          Turns: 8534, Time: 00:25:22

Health: -3/45      AC:  3    Str:  6    XL:     9   Next: 18%
Magic:  1/26       EV: 12    Int: 23    God:    Sif Muna [***...]
Gold:   201        SH:  5    Dex: 15    Spells: 4 memorised, 21 levels left

rFire  . . .     SeeInvis .     d - +1 dagger
rCold  . . .     Gourm    .     a - +0 robe
rNeg   . . .     Faith    .     (no shield)
rPois  .         Spirit   .     (no helmet)
rElec  .         Dismiss  .     (no cloak)
rCorr  .         Reflect  +     q - +0 pair of gloves
SustAt .         Harm     .     (no boots)
MR     .....                    h - +5 amulet of reflection
Stlth  ++........               (no ring)
                                y - +4 ring of evasion

@: not resistant to hostile enchantments, unstealthy
A: no striking features
a: Channel Energy, Renounce Religion


You were on level 6 of the Dungeon.
You worshipped Sif Muna.
Sif Muna was most pleased with you.
You were hungry.

You visited 2 branches of the dungeon, and saw 7 of its levels.

You collected 201 gold pieces.

Inventory:

Hand Weapons
 d - a +1 dagger (weapon)
Missiles
 B - 10 javelins (quivered)
Armour
 a - a +0 robe (worn)
 q - a +0 pair of gloves (worn)
Jewellery
 h - a +5 amulet of reflection (around neck)
 y - a +4 ring of evasion (left hand)
Wands
 p - a wand of flame (31/48)
 t - a wand of lightning (15/15)
 x - a wand of hasting (5/9)
 E - a wand of lightning (7/15)
Scrolls
 f - 3 scrolls of recharging
 g - a scroll of fear
 k - 4 scrolls of remove curse
 l - 2 scrolls of blinking
 r - a scroll of fog
 w - a scroll of enchant weapon
 A - 2 scrolls of teleportation {unknown}
 I - a scroll of identify
Potions
 i - a potion of flight
 u - a potion of berserk rage {unknown}
 v - a potion of beneficial mutation
 z - a potion of cure mutation
 C - a potion of mutation
 D - a potion of resistance {unknown}
 F - a potion of heal wounds {unknown}
 G - a potion of brilliance {unknown}
 J - a potion of lignification {unknown}
 L - a potion of degeneration {unknown}
Books
 b - a book of Conjurations

   Spells                             Type                      Level
   a - Magic Dart                     Conjuration                  1
   b - Searing Ray                    Conjuration                  2
   c - Dazzling Spray                 Conjuration/Hexes            3
   d - Fulminant Prism                Conjuration/Hexes            4
   e - Iskenderun's Mystic Blast      Conjuration                  4
   f - Iskenderun's Battlesphere      Conjuration/Charms           5
 s - a book of Unlife

   Spells                             Type                      Level
   a - Recall                         Summoning/Translocation      3
   b - Animate Dead                   Necromancy                   4
   c - Control Undead                 Necromancy                   4
   d - Cigotuvi's Embrace             Necromancy                   5
   e - Death Channel                  Necromancy                   6
   f - Simulacrum                     Ice/Necromancy               6
 H - a book of Air

   Spells                             Type                      Level
   a - Shock                          Conjuration/Air              1
   b - Swiftness                      Charms/Air                   2
   c - Repel Missiles                 Charms/Air                   2
   d - Static Discharge               Conjuration/Air              3
   e - Lightning Bolt                 Conjuration/Air              5
Comestibles
 c - 2 bread rations
 m - 3 slices of pizza
 n - 3 meat rations


   Skills:
 - Level 2.4 Dodging
 - Level 2.4 Stealth
 + Level 11.3 Spellcasting
 + Level 10.5 Conjurations


You had 21 spell levels left.
You knew the following spells:

 Your Spells              Type           Power        Failure   Level  Hunger
a - Magic Dart            Conj           ####         1%          1    None
b - Iskenderun's Mystic   Conj           ######..     1%          4    None
c - Searing Ray           Conj           ######       1%          2    None
d - Repel Missiles        Chrm/Air       ##....       10%         2    None


Dungeon Overview and Level Annotations

Branches:
Dungeon (6/15)             Temple (1/1) D:4

Altars:
Ashenzari
Cheibriados
Dithmenos
Elyvilon
Fedhas
Gozag
Kikubaaqudgha
Makhleb
Nemelex Xobeh
Okawaru
Pakellas
Qazlal
Ru
Sif Muna
Trog
Vehumet
Xom
Yredelemnul
Zin
The Shining One

Annotations:
D:6 feelmyfire's ghost, novice GrFi


Message History

Feelmyfire's ghost is almost destroyed.
Feelmyfire's ghost hits you!
You barely miss feelmyfire's ghost.
Feelmyfire's ghost is almost destroyed.
Feelmyfire's ghost closely misses you.
You hit feelmyfire's ghost but do no damage.
Feelmyfire's ghost is almost destroyed.
Feelmyfire's ghost closely misses you.
You hit feelmyfire's ghost but do no damage.
Feelmyfire's ghost is almost destroyed.
Feelmyfire's ghost closely misses you.
Drink which item? (? for menu, Esc to quit)
Okay, then.
You hit feelmyfire's ghost but do no damage.
Feelmyfire's ghost is almost destroyed.
Feelmyfire's ghost hits you!
* * * LOW HITPOINT WARNING * * *
You are feeling hungry.
Feelmyfire's ghost hits you.
You die...

# ########### #
########.....(...###
#>..................
#.######)#######....
####.######.##........#
#.........#.##........#
#####.##...................
#.........@...#.##........#
#.........W...#.##........#
#.............#.##........#
#........รท....#.##.........
#####.......#.#.##.........
#....##.###.#.######.....
##.#...#.###.#...# #.###.
#......#.....###.####.# #.
#....#...........#.##...# #.


You could see feelmyfire's ghost.

Vanquished Creatures
  Grinder (D:5)
  A hippogriff (D:5)
  Menkaure (D:4)
  2 orc warriors (D:5)
  5 ogres
  2 ice beasts (D:6)
  A centaur (D:5)
  A scorpion (D:6)
  The ghost of aeluma the Conjurer, a weakling DECj (D:3)
  3 crimson imps
  3 jellies
  A hound (D:6)
  2 centaur zombies
  2 giant frog skeletons
  3 orc priests
  2 orc wizards
  2 centaur skeletons
  Terence (D:2)
  2 iguanas (D:6)
  4 worker ants
  2 hound skeletons
  A gnoll (D:1)
  A howler monkey skeleton (D:6)
  6 adders
  An ooze (D:5)
  2 worms
  8 giant geckos
  11 orcs
  A ball python (D:2)
  7 bats
  3 giant cockroaches
  11 goblins
  9 hobgoblins
  7 jackals (D:1)
  4 giant newts
  8 kobolds
  5 rats
127 creatures vanquished.

Vanquished Creatures (others)
  7 toadstools (D:1)
7 creatures vanquished.

Grand Total: 134 creatures vanquished

Notes
Turn   | Place    | Note
--------------------------------------------------------------
     0 | D:1      | aeluma the Deep Elf Conjurer began the quest for the Orb.
     0 | D:1      | Reached XP level 1. HP: 10/10 MP: 6/6
   189 | D:1      | Reached XP level 2. HP: 15/15 MP: 6/8
   605 | D:1      | Reached skill level 5 in Conjurations
   622 | D:1      | Reached skill level 4 in Spellcasting
   622 | D:1      | Reached XP level 3. HP: 19/19 MP: 5/10
  1420 | D:2      | Found a burning altar of Makhleb.
  1420 | D:2      | Found an oddly glowing altar of Pakellas.
  1714 | D:2      | Found a blossoming altar of Fedhas.
  1754 | D:2      | Noticed Terence
  1789 | D:2      | Killed Terence
  1789 | D:2      | Reached XP level 4. HP: 10/24 MP: 0/12
  2037 | D:2      | Found a shattered altar of Ashenzari.
  2157 | D:2      | Found a sparkling altar of Nemelex Xobeh.
  2741 | D:2      | Reached skill level 5 in Spellcasting
  2947 | D:3      | Reached XP level 5. HP: 28/28 MP: 8/14
  3548 | D:3      | Noticed aeluma's ghost (weakling DECj)
  3556 | D:3      | Learned a level 4 spell: Iskenderun's Mystic Blast
  3686 | D:4      | Noticed Menkaure
  3740 | D:3      | Killed aeluma's ghost
  3767 | D:4      | Found a staircase to the Ecumenical Temple.
  3775 | D:4      | Learned a level 2 spell: Searing Ray
  3780 | Temple   | Entered the Ecumenical Temple
  4018 | Temple   | Became a worshipper of Sif Muna the Loreminder
  4124 | D:4      | Killed Menkaure
  4124 | D:4      | Reached skill level 6 in Spellcasting
  4124 | D:4      | Reached XP level 6. HP: 24/32 MP: 2/17
  4655 | D:4      | Found an opulent altar of Gozag.
  4659 | D:4      | Found a glowing golden altar of the Shining One.
  4659 | D:4      | Found a radiant altar of Vehumet.
  4685 | D:4      | Found a shimmering altar of Xom.
  4791 | D:5      | Entered Level 5 of the Dungeon
  4901 | D:5      | Reached * piety under Sif Muna
  5020 | D:5      | Reached skill level 7 in Spellcasting
  5020 | D:5      | Reached XP level 7. HP: 36/36 MP: 8/19
  5216 | D:5      | Noticed a hippogriff
  5221 | D:5      | Killed a hippogriff
  5587 | D:5      | Noticed Grinder
  5591 | D:5      | Killed Grinder
  5591 | D:5      | Reached ** piety under Sif Muna
  5591 | D:5      | Reached skill level 8 in Spellcasting
  5997 | D:5      | Reached skill level 9 in Spellcasting
  5997 | D:5      | Reached XP level 8. HP: 41/41 MP: 12/23
  6386 | D:6      | Noticed feelmyfire's ghost (novice GrFi)
  6496 | D:6      | Learned a level 2 spell: Repel Missiles
  6898 | D:6      | Reached *** piety under Sif Muna
  6898 | D:6      | Reached skill level 10 in Spellcasting
  7140 | D:6      | Reached skill level 10 in Conjurations
  7612 | D:6      | Reached XP level 9. HP: 45/45 MP: 15/25
  7861 | D:6      | Reached skill level 11 in Spellcasting
  8176 | D:5      | HP: 1/45 [ogre/giant spiked club (11)]
  8533 | D:6      | HP: 1/45 [feelmyfire's ghost (14)]
  8534 | D:6      | Slain by feelmyfire's ghost

Skill      XL: |  1  2  3  4  5  6  7  8  9 |
---------------+----------------------------+-----
Conjurations   | 5 6 7 8 10 | 10.5
Spellcasting   | 4 5 6 7 9 10 11 | 11.3
Dodging        | |  2.4
Stealth        | |  2.4

Action                   |  1- 3 |  4- 6 |  7- 9 || total
-------------------------+-------+-------+-------++-------
Melee: Dagger            |    11 |     2 |    18 ||    31
 Cast: Magic Dart        |    78 |    82 |   136 ||   296
       Iskenderun's Myst |       |    11 |    54 ||    65
       Searing Ray       |       |       |     4 ||     4
  Use: Scroll            |       |    11 |     3 ||    14
       Potion            |       |       |     5 ||     5
 Stab: Sleeping          |     2 |     1 |       ||     3
  Eat: Chunk             |     2 |     8 |    11 ||    21
       Beef jerky        |       |     1 |       ||     1
       Pizza             |       |     1 |     1 ||     2
Armor: Robe              |     2 |     1 |     6 ||     9
Dodge: Dodged            |    17 |     8 |    55 ||    80
Block: Other             |     4 |     1 |    10 ||    15
